Unix NetHack Version 5.0.0-0 post-release - last build Jun 10 2026 00:39:30 (3ee93aec679c4c4259841fe613dc97188e26a321,branch:main).

Game began 2026-07-10 19:02:40, ended 2026-07-10 19:12:19.

DaveT, lawful male human Priest

           ------------
           |...........###       -------------
           |........<.|  ####### |C.........C|
           |...........  #     ##......C....$|
           |..........|        ##|...--.--...|
           ------------          |...|'N.|...|
                                 |..C|@@{|C..|
                                 |...|.{.|....
                                 |...-----...|
                                 |.....C.....|
                                 |C.........C+
                                 -------------

DaveT the Adept              St:14 Dx:11 Co:11 In:9 Wi:18 Ch:10  Lawful
Dlvl:6  $:119 HP:0(53) Pw:57(68) AC:7  Xp:6 T:2113 

Latest messages:
 You feel healthy.
 What do you want to drop? [$a-df-ikmnqtv-y or ?*] $
 You drop 57 gold pieces.
 You see here a statue of a plains centaur.
 "Hello, DaveT, welcome to Delphi!"
 You miss the leprechaun.
 You miss the leprechaun.
 You hit the leprechaun!
 The leprechaun zaps a pine wand!
 A golden naga hatchling suddenly appears close by!
 The leprechaun zaps a wand of create monster!
 A gnome lady suddenly appears close by!
 You kill the leprechaun!
 Welcome to experience level 6.
 The gnome lady picks up a wand of create monster.
 You hit the gnome lady!
 The gnome lady zaps a wand of create monster!
 A gold golem suddenly appears next to you!
 You hit the gnome lady!
 The gold golem hits!
 The gold golem hits again!
 You kill the gnome lady!
 The gold golem hits!
 The gold golem hits again!
 You hit the gold golem!
 The gold golem hits!
 The gold golem hits again!
 The golden naga hatchling bites!
 In what direction? .
 You feel better.
 The gold golem hits!
 The gold golem hits again!
 The golden naga hatchling bites!
 In what direction? .
 You feel better.
 The gold golem hits!
 The gold golem hits again!
 The gold golem hits!
 The gold golem hits again!
 $ - 119 gold pieces.
 A - a wand of create monster.
 The gold golem hits!
 The gold golem hits again!
 The golden naga hatchling bites!
 You miss the gold golem.
 The gold golem hits!
 The gold golem hits again!
 You die...
 Do you want your possessions identified? [ynq] (y) y
 Do you want to see your attributes? [ynq] (y) q

Inventory:
 Coins    ('$')
  $ - 119 gold pieces
 Weapons  (')')
  i - 9 +0 elven arrows
  k - 7 +0 darts (at the ready)
  a - a blessed +1 mace (weapon in right hand)
 Armor    ('[')
  m - a rusty +0 orcish helm (being worn)
  c - a +0 small shield (being worn)
  b - a +0 robe (being worn)
 Comestibles  ('%')
  t - a cram ration
  n - 2 food rations
  f - 2 sprigs of wolfsbane
 Scrolls  ('?')
  v - a cursed scroll of confuse monster
 Spellbooks  ('+')
  g - a spellbook of healing
  h - a spellbook of light
  w - a spellbook of light
 Potions  ('!')
  x - a blessed potion of healing
  d - 4 potions of holy water
 Rings    ('=')
  q - a cursed ring of aggravate monster
 Wands    ('/')
  A - a wand of create monster (0:12)
  y - a wand of digging (0:4)

DaveT the Priest's attributes:

Background:
 You were an Adept, a level 6 human Priest.
 You were lawful, nominally on a mission for Anu
 who was opposed by Ishtar (neutral) and Anshar (chaotic).
 You were right-handed.
 You were in the Dungeons of Doom, on level 6.
 You entered the dungeon 2113 turns ago.
 You had 362 experience points, 278 more were needed to attain level 7.

Basics:
 You had 0 out of 53 hit points.
 You had 57 out of 68 energy points (spell power).
 Your armor class was 7.
 Your wallet contained 119 zorkmids.
 Autopickup was off.

Final Characteristics:
 Your strength was 14 (limit:18/100).
 Your dexterity was 11 (limit:18).
 Your constitution was 11 (peak:15, limit:18).
 Your intelligence was 9 (limit:18).
 Your wisdom was 18 (limit:18).
 Your charisma was 10 (limit:18).

Final Status:
 You weren't hungry.
 You were unencumbered.
 You were wielding a mace.
 You were skilled in mace.

Final Attributes:
 You were piously aligned.
 You were poison resistant.
 You were guarded.
 Your spell casting was enhanced by wearing a robe.
 You are dead.

Miscellaneous:
 You didn't encounter any bones levels.
 Total elapsed playing time was 9 minutes and 39 seconds.

Major events:
 Turn
    1: DaveT the lawful human Priest entered the dungeon
  829: attained the rank of Acolyte (level 3)
 2104: attained the rank of Adept (level 6)
 2113: killed by a gold golem

Spells:
 Name                 Level Category     Fail Retention
 healing                1   healing        0%  76%-100%
 light                  1   clerical       0%   81%-90%

Skills:
 Fighting Skills
   bare handed combat [Unskilled]
 Weapon Skills
   club               [Unskilled]
   mace               [Skilled]
   morning star       [Unskilled]
   flail              [Unskilled]
   hammer             [Unskilled]
   quarterstaff       [Unskilled]
   polearms           [Unskilled]
   spear              [Unskilled]
   trident            [Unskilled]
   lance              [Unskilled]
   bow                [Unskilled]
   sling              [Unskilled]
   crossbow           [Unskilled]
   dart               [Unskilled]
   shuriken           [Unskilled]
   boomerang          [Unskilled]
   unicorn horn       [Unskilled]
 Spellcasting Skills
   healing spells     [Unskilled]
   divination spells  [Unskilled]
   clerical spells    [Basic]

Voluntary challenges:
 Character rerolling was not enabled.
 You were an atheist.
 You never genocided any monsters.
 You never polymorphed an object.
 You never changed form.
 You used no wishes.
Achievements:
 You entered a shop.
 You attained the rank of Acolyte.
 You attained the rank of Adept.

 The Dungeons of Doom: levels 1 to 6
    Level 1:
       A fountain.
    Level 2:
       A potion shop.
    Level 3:
       A vegetarian food shop.
    Level 4:
       A fountain, a sink.
    Level 5: "vault"
    Level 6: <- You were here.
       Many fountains.
       Oracle of Delphi.
       Final resting place for
          you, killed by a gold golem.


Vanquished creatures:
  a leprechaun
  3 human zombies
  a fog cloud
  2 gnome leaders
  a black naga hatchling
  2 gray oozes
  6 elf zombies
  a floating eye
  a giant bat
  3 orc zombies
  3 dwarf zombies
 an iguana
  a gas spore
  a giant rat
  a garter snake
  3 gnome zombies
  a gecko
  3 jackals
  a fox
  4 kobolds
  a goblin
  a sewer rat
  5 grid bugs
  4 lichens
  2 kobold zombies
  3 newts
56 creatures vanquished.

No species were genocided or became extinct.

Game over:
                       ----------
                      /          \
                     /    REST    \
                    /      IN      \
                   /     PEACE      \
                  /                  \
                  |      DaveT       |
                  |      119 Au      |
                  | killed by a gold |
                  |      golem       |
                  |                  |
                  |                  |
                  |       2026       |
                 *|     *  *  *      | *
        _________)/\\_//(\/(/\)/\//\/|_)_______

Goodbye DaveT the Priest...

You died in The Dungeons of Doom on dungeon level 6 with 1856 points,
and 119 pieces of gold, after 2113 moves.
You were level 6 with a maximum of 53 hit points when you died.

